 Dungeon Crawl Stone Soup version 0.23-a0-619-g281719c (console) character file.

529 Duffy the Chopper (level 7, -2/62 HPs)
             Began as a Naga Fighter on Dec 22, 2018.
             Slain by an ice beast (13 damage)
             ... on level 6 of the Dungeon.
             The game lasted 00:03:03 (1683 turns).

Duffy the Chopper (Naga Fighter)                    Turns: 1683, Time: 00:03:04

Health: -2/62      AC:  6    Str: 21    XL:     7   Next: 24%
Magic:  7/7        EV:  6    Int:  8    God:
Gold:   58         SH: 10    Dex: 10    Spells: 6/6 levels left

rFire    . . .     SeeInvis +   a - +0 war axe
rCold    . . .     Gourm    .   c - +0 shield
rNeg     . . .     Faith    .   b - +0 scale mail
rPois    +         Spirit   .   (no helmet)
rElec    .         Reflect  .   h - -1 cloak (curse)
rCorr    +         Harm     .   (no gloves)
MR       .....                  (no barding)
Stlth    ..........             (no amulet)
HPRegen  0.20/turn              e - ring of resist corrosion
MPRegen  0.10/turn              m - ring of see invisible

@: very slow
A: large, see invisible, deformed body, poison resistance, slowness 2, slow
metabolism 1, spit poison 1, AC +2
a: Spit Poison


You were on level 6 of the Dungeon.
You were not hungry.

You visited 1 branch of the dungeon, and saw 6 of its levels.

You collected 58 gold pieces.

Inventory:

Hand Weapons
 a - a +0 war axe (weapon)
Armour
 b - a +0 scale mail (worn)
 c - a +0 shield (worn)
 h - a cursed -1 cloak (worn)
Jewellery
 e - a ring of resist corrosion (left hand)
 m - a ring of see invisible (right hand)
Scrolls
 g - a scroll of remove curse {unknown}
 i - a scroll of blinking {unknown}
 j - 2 scrolls of identify {unknown}
 n - 2 scrolls of teleportation {unknown}
Potions
 d - a potion of might
 k - a potion of haste
 l - a potion of heal wounds {unknown}
Comestibles
 f - 4 rations
 o - 4 chunks of flesh


   Skills:
 - Level 3.0 Fighting
 + Level 5.5 Axes
 - Level 2.4 Armour
 + Level 5.0 Shields


You had 6 spell levels left.
You didn't know any spells.
Your spell library was empty.

Dungeon Overview and Level Annotations

Branches:
Dungeon (6/15)
 Temple: D:4-7

Altars:
Uskayaw
Zin

Shops:
D:4 *


Innate Abilities, Weirdness & Mutations

You cannot wear boots.
Your serpentine skin is tough. (AC +2)
You have supernaturally acute eyesight. (SInv)
Armour fits poorly on your strangely shaped body.
Your system is resistant to poisons. (rPois)
You cover ground very slowly.
You have a slow metabolism.
You can spit poison.


Message History

The ice beast hits you. The ice beast freezes you!
You completely miss the ice beast.
The ice beast is moderately wounded.
You have got your breath back.
You block the ice beast's attack. x2
You closely miss the ice beast.
The ice beast is moderately wounded.
The ice beast hits you but does no damage.
You closely miss the ice beast.
The ice beast is moderately wounded.
The ice beast looks more healthy.
The ice beast hits you but does no damage.
You closely miss the ice beast.
The ice beast is moderately wounded.
The ice beast hits you but does no damage.
You closely miss the ice beast.
The ice beast is moderately wounded.
You block the ice beast's attack. The ice beast hits you.
The ice beast freezes you!
You die...

...# ...# ...# .<.# ...
.#.####### ..# ##.......#
#.# . ...####### #.#### #..
...# #....# .... #$.#
##.##@# (....
#..##########...#Y####......
#............._...)..h..Z...
..)########.#...#######.#...
#### #.##.## #....# ####.#
#.# #..


You could see an ice beast.

Vanquished Creatures
  A sky beast (D:5)
  2 ogres
  A howler monkey (D:6)
  2 hounds (D:6)
  3 orc wizards (D:4)
  2 iguanas
  A worker ant zombie (D:6)
  An adder (D:6)
  3 orcs (D:4)
  2 bats
  A giant cockroach (D:4)
  2 jackals (D:6)
  A quokka (D:2)
  A ball python (D:1)
  2 kobolds (D:1)
  4 rats
29 creatures vanquished.

Notes
Turn   | Place    | Note
-------+----------+-------------------------------------------
     0 | D:1      | Duffy the Naga Fighter began the quest for the Orb.
     0 | D:1      | Reached XP level 1. HP: 21/21 MP: 1/1
   110 | D:2      | Reached XP level 2. HP: 28/28 MP: 2/2
   229 | D:4      | Found Zin's Purification Station.
   231 | D:4      | Found a glowing silver altar of Zin.
   240 | D:4      | Reached XP level 3. HP: 32/34 MP: 3/3
   262 | D:4      | Reached XP level 4. HP: 19/42 MP: 4/4
   536 | D:5      | Entered Level 5 of the Dungeon
   537 | D:5      | Noticed a sky beast
   548 | D:5      | Killed a sky beast
   548 | D:5      | Reached XP level 5. HP: 23/49 MP: 5/5
   709 | D:5      | Noticed a slave
   710 | D:5      | Noticed a slave
   710 | D:5      | Noticed a slave
   982 | D:4      | Noticed an ogre
   989 | D:4      | HP: 2/49 [ogre/+0 giant club (13)]
   990 | D:4      | Killed an ogre
   990 | D:4      | Reached XP level 6. HP: 2/56 MP: 6/6
  1433 | D:6      | Found a hide-covered altar of Uskayaw.
  1457 | D:6      | Reached skill level 5 in Axes
  1629 | D:6      | Reached XP level 7. HP: 51/62 MP: 7/7
  1673 | D:6      | Reached skill level 5 in Shields
  1683 | D:6      | Slain by an ice beast

Vault maps used:
D:1:      onia_arrival_handbag, minmay_cupped
D:2:      gammafunk_temple_of_torment
D:3:      led_sif_pool, kennysheep_nub
D:4:      zin_purify, first_ration, kennysheep_cluttered_room
D:5:      hangedman_ru_absence, minmay_temple_entry_drinking_statues,
          uniq_eustachio, uniq_menkaure, uniq_pikel
D:6:      nicolae_overflow_crystal_walls

Skill      XL: |  1  2  3  4  5  6  7 |
---------------+----------------------+-----
Shields        | 3 4 5 |  5.0
Axes           | 3 4 5 |  5.5
Fighting       | |  3.0
Armour         | |  2.4

Action                   |  1- 3 |  4- 6 |  7- 9 || total
-------------------------+-------+-------+-------++-------
Melee: War axe           |    33 |    52 |    37 ||   122
 Abil: Spit Poison       |     3 |    19 |     3 ||    25
  Eat: Chunk             |       |     2 |     1 ||     3
Armor: Scale mail        |    11 |    17 |    21 ||    49
Dodge: Dodged            |    14 |    16 |     6 ||    36
Block: Shield            |    13 |    21 |    17 ||    51

Table legend:
 A = Non-vault XP
 B = Vault XP
 C = Vault XP percentage of total XP
 D = Non-vault monster count
 E = Vault monster count
 F = Vault count percentage of total count
                 A         B        C        D         E       F
            +---------+---------+-------+---------+---------+-------
      Total |     755 |       2 |   0.3 |      27 |       2 |   6.9
            +---------+---------+-------+---------+---------+-------
        D:1 |       6 |       2 |  25.0 |       4 |       2 |  33.3
        D:2 |       2 |       0 |   0.0 |       1 |       0 |   0.0
        D:3 |       3 |       0 |   0.0 |       3 |       0 |   0.0
        D:4 |     291 |       0 |   0.0 |       9 |       0 |   0.0
        D:5 |     166 |       0 |   0.0 |       2 |       0 |   0.0
        D:6 |     287 |       0 |   0.0 |       8 |       0 |   0.0
            +---------+---------+-------+---------+---------+-------
